 Dungeon Crawl Stone Soup version 0.21.1-1-g345015fe64 (webtiles) character file.

14819 Oravi the Black Belt (level 12, 0/76 HPs)
             Began as a Merfolk Transmuter on Apr 28, 2018.
             Was a High Priest of Okawaru.
             Slain by a cyclops (29 damage)
             ... on level 15 of the Dungeon.
             The game lasted 01:08:44 (11945 turns).

Oravi the Black Belt (Merfolk Transmuter)          Turns: 11945, Time: 01:08:44

Health: 0/76       AC:  6    Str: 16    XL:     12   Next: 20%
Magic:  5/15       EV: 19    Int: 17    God:    Okawaru [*****.]
Gold:   476        SH:  0    Dex: 19    Spells: 1/15 levels left

rFire    + . .     SeeInvis .     - Unarmed
rCold    . . .     Gourm    .   (shield currently unavailable)
rNeg     . . .     Faith    .   I - +1 leather armour {rF+}
rPois    .         Spirit   .   m - +1 helmet
rElec    .         Reflect  .   (no cloak)
rCorr    .         Harm     .   (gloves currently unavailable)
MR       +....                  (no boots)
Stlth    +.........             e - amulet of regeneration
HPRegen  0.62/turn              i - +5 ring of dexterity
MPRegen  0.14/turn              f - ring of protection from magic

@: mighty, blade hands
A: change form in water, swift swim, stealthy swim
a: End Transformation, Heroism, Finesse, Renounce Religion


You were on level 15 of the Dungeon.
You worshipped Okawaru.
Okawaru was extremely pleased with you.
You were hungry.
You had blades for hands.
You visited 2 branches of the dungeon, and saw 14 of its levels.
You also visited: Sewer.

You collected 635 gold pieces.
You spent 159 gold pieces at shops.

Inventory:

Hand Weapons
 E - the +1 trident of Hepliaklqana's Envy {freeze, rElec rPois rF- MR-, unknown}
   (You took it off an orc wizard on level 7 of the Dungeon)

   It has been specially enchanted to freeze those struck by it, causing extra
   injury to most foes and up to half again as much damage against particularly
   susceptible opponents.
   It can also slow down cold-blooded creatures.
   It makes you vulnerable to fire.
   It insulates you from electricity.
   It protects you from poison.
   It affects your resistance to hostile enchantments.
 F - a +1 quarterstaff of speed
Missiles
 a - 218 arrows
 g - 226 stones
 n - 14 tomahawks (quivered)
Armour
 b - a +0 robe
 m - a +1 helmet (worn)
 I - a +1 leather armour of fire resistance (worn)
 O - the +3 buckler "Qaru" (melded) {Int+3}
   (Okawaru gifted it to you on level 11 of the Dungeon)

   It affects your intelligence (+3).
Jewellery
 e - an amulet of regeneration (around neck)
 f - a ring of protection from magic (right scythe-like blade)
 i - a +5 ring of dexterity (left scythe-like blade)
 C - an uncursed ring of positive energy
Wands
 s - a wand of polymorph (15)
 B - a wand of digging (13)
 H - a wand of clouds (5)
Scrolls
 h - 7 scrolls of remove curse
 l - 7 scrolls of teleportation
 o - a scroll of fog
 p - a scroll of immolation
 q - 3 scrolls of amnesia
 x - 2 scrolls of blinking
 y - 4 scrolls of enchant weapon
 z - 5 scrolls of enchant armour
 A - 3 scrolls of fear
 K - 2 scrolls of identify
 M - a scroll of summoning
Potions
 j - a potion of invisibility
 k - a potion of curing
 r - a potion of mutation
 u - a potion of agility
 v - a potion of cancellation
 w - a potion of ambrosia
 D - a potion of magic {unknown}
 G - a potion of resistance {unknown}
 J - a potion of degeneration {unknown}
 L - a potion of haste {unknown}
Books
 c - a book of Changes

   Spells                             Type                      Level
   a - Beastly Appendage              Transmutation                1
   b - Sticks to Snakes               Transmutation                2
   c - Spider Form                    Transmutation/Poison         3
   d - Ice Form                       Ice/Transmutation            4
   e - Blade Hands                    Transmutation                5
Comestibles
 d - 22 rations
 N - 4 chunks of flesh


   Skills:
 - Level 1.1 Fighting
 * Level 9.4 Dodging
 + Level 15.1 Unarmed Combat
 - Level 2.0 Spellcasting
 - Level 12.6 Transmutations
 - Level 5.0 Ice Magic
 - Level 3.0 Poison Magic
 * Level 1.9 Invocations


You had one spell level left.
You knew the following spells:

 Your Spells              Type           Power        Failure   Level  Hunger
a - Spider Form           Tmut/Pois      ####......   24%         3    ###....
b - Ice Form              Ice/Tmut       ####....     36%         4    #####..
c - Blade Hands           Tmut           #####.....   28%         5    ######.
d - Sticks to Snakes      Tmut           #####...     9%          2    ###....


Dungeon Overview and Level Annotations

Branches:
Dungeon (12/15)            Temple (1/1) D:4            Lair (0/6) D:8
    Orc (0/2) D:9

Altars:
Ashenzari
Cheibriados
Dithmenos
Elyvilon
Fedhas
Gozag
Kikubaaqudgha
Makhleb
Nemelex Xobeh
Okawaru
Qazlal
Ru
Sif Muna
Trog
Uskayaw
Vehumet
Wu Jian
Xom
Yredelemnul
Zin
The Shining One
Beogh

Shops:
D:5 *   D:8 *   D:10 *   D:11 %

Annotations:
D:4 DildoBatman's ghost, amateur FoWz
D:5 dellamorte's ghost, novice OpTm


Message History

The orc hits you with a mace.
You slice the gargoyle!!
You destroy the gargoyle!
Okawaru accepts your kill. The orc barely misses you.
The cyclops throws a large rock.
The large rock misses you.
You shred the orc!!!
You kill the orc!
The orc hits you with a mace.
You shred the centaur warrior zombie!!!
The centaur warrior zombie is heavily damaged.
The centaur warrior zombie closely misses you.
You shred the centaur warrior zombie!!!
You destroy the centaur warrior zombie!
Okawaru accepts your kill. The orc closely misses you.
A cyclops comes into view.
The cyclops shouts!
The cyclops hits you!!
You die...

####
###...
#.....##
###.#..)†#
.......#o#
##.#..@)#
#....C##
#....#.#
#.......C
#..####.#
#. .). #
... ...


You could see 2 cyclopes and an orc.

Vanquished Creatures
  2 unseen horrors
  An orc knight (D:11)
  2 centaur zombies
  A gargoyle (D:15)
  An efreet (D:11)
  A raiju (shapeshifter) (D:15)
  3 polar bears (D:11)
  A hippogriff (D:11)
  A meliai zombie (D:11)
  11 yaks
  A centaur simulacrum (D:11)
  4 hogs (D:7)
  4 hungry ghosts
  A human (D:7)
  3 wargs (D:8)
  2 water moccasins
  7 ice beasts
  20 orc warriors
  A sky beast (D:11)
  4 necrophages
  3 centaurs
  8 ogres
  3 phantoms
  3 wolves (D:11)
  A big kobold (D:10)
  7 bullfrogs
  A wyvern zombie (D:10)
  3 scorpions
  4 killer bees (D:7)
  5 wights
  4 electric eels
  2 howler monkeys
  4 crimson imps
  2 hounds
  12 orc priests
  A quasit (D:10)
  A jelly (D:9)
  2 centaur skeletons
  3 iguanas
  14 orc wizards
  3 worker ants
  A killer bee zombie (D:8)
  2 bullfrog simulacra (D:11)
  A hound zombie (D:8)
  11 adders
  11 gnolls
  A howler monkey skeleton (D:9)
  A river rat (D:3)
  4 shadow imps
  A worker ant simulacrum (D:11)
  5 ufetubi (D:11)
  An ooze (D:2)
  2 adder zombies
  An adder skeleton (D:4)
  4 worms
  2 dart slugs
  12 leopard geckos
  66 orcs
  4 ball pythons
  11 giant cockroaches
  10 goblins
  4 hobgoblins
  12 jackals
  13 kobolds
  7 quokkas
  14 bats
  6 frilled lizards
  2 leopard gecko skeletons (D:4)
  2 quokka zombies (D:5)
  3 rats
371 creatures vanquished.

Vanquished Creatures (collateral kills)
  A gnoll (D:7)
1 creature vanquished.

Grand Total: 372 creatures vanquished

Notes
Turn   | Place    | Note
-------+----------+-------------------------------------------
     0 | D:1      | Oravi the Merfolk Transmuter began the quest for the Orb.
     0 | D:1      | Reached XP level 1. HP: 15/15 MP: 3/3
   160 | D:1      | Reached XP level 2. HP: 18/21 MP: 3/5
   363 | D:1      | Reached skill level 4 in Unarmed Combat
   494 | D:1      | Reached XP level 3. HP: 24/26 MP: 4/6
   498 | D:1      | Learned a level 2 spell: Sticks to Snakes
   502 | D:1      | Learned a level 3 spell: Spider Form
  1321 | D:2      | Reached XP level 4. HP: 32/32 MP: 5/7
  1658 | D:3      | Found a stormy altar of Qazlal.
  1659 | D:3      | Found an iron altar of Okawaru.
  1714 | D:3      | Became a worshipper of Warmaster Okawaru
  1786 | D:3      | Reached skill level 1 in Poison Magic
  1866 | D:3      | Reached XP level 5. HP: 23/37 MP: 2/8
  1910 | D:3      | Reached skill level 5 in Unarmed Combat
  1911 | D:3      | Reached skill level 5 in Transmutations
  2083 | D:3      | Reached XP level 6. HP: 43/43 MP: 6/9
  2126 | D:3      | Found a glowing drain.
  2130 | Sewer    | Entered a sewer
  2271 | Sewer    | Reached * piety under Okawaru
  2271 | Sewer    | Reached skill level 6 in Unarmed Combat
  2836 | D:4      | Reached XP level 7. HP: 43/48 MP: 6/10
  2862 | D:4      | Noticed DildoBatman's ghost (amateur FoWz)
  2929 | D:4      | Found a staircase to the Ecumenical Temple.
  2975 | D:4      | Learned a level 4 spell: Ice Form
  2983 | Temple   | Entered the Ecumenical Temple
  3587 | D:5      | Entered Level 5 of the Dungeon
  3593 | D:5      | Reached skill level 7 in Unarmed Combat
  3718 | D:5      | Reached XP level 8. HP: 53/54 MP: 7/11
  3975 | D:5      | Found Qevom's Assorted Antiques.
  3986 | D:5      | Bought a jewelled ivory wand for 108 gold pieces
  3986 | D:5      | Bought a pink potion for 24 gold pieces
  3986 | D:5      | Bought a scroll labeled MOGUYPH BYLIR for 27 gold pieces
  3998 | D:5      | Noticed dellamorte's ghost (novice OpTm)
  4158 | D:5      | Reached skill level 8 in Unarmed Combat
  4764 | D:6      | Reached ** piety under Okawaru
  4764 | D:6      | Reached skill level 1 in Ice Magic
  5153 | D:6      | Found a hide-covered altar of Uskayaw.
  5561 | D:6      | Reached skill level 9 in Unarmed Combat
  5712 | D:6      | Reached XP level 9. HP: 58/59 MP: 9/12
  5899 | D:7      | Reached *** piety under Okawaru
  5956 | D:7      | Reached skill level 10 in Unarmed Combat
  6336 | D:7      | Reached skill level 10 in Transmutations
  6339 | D:7      | Reached **** piety under Okawaru
  6564 | D:7      | Reached skill level 11 in Unarmed Combat
  6832 | D:7      | Got a steaming trident {freeze}
  6862 | D:7      | Reached XP level 10. HP: 65/65 MP: 10/13
  7065 | D:8      | Killed an unseen horror
  7065 | D:8      | Reached ***** piety under Okawaru
  7065 | D:8      | Reached skill level 5 in Ice Magic
  7217 | D:8      | Found Veamp's Assorted Antiques.
  7394 | D:8      | Found a staircase to the Lair.
  7700 | D:8      | Found a burning altar of Makhleb.
  7705 | D:8      | Found a glowing silver altar of Zin.
  7722 | D:8      | Reached skill level 12 in Unarmed Combat
  7741 | D:8      | Noticed an angel
  7741 | D:8      | Noticed a cacodemon
  8255 | D:9      | Received a gift from Okawaru
  9069 | D:9      | Found a staircase to the Orcish Mines.
  9163 | D:9      | Reached skill level 5 in Dodging
  9199 | D:10     | Entered Level 10 of the Dungeon
  9296 | D:10     | Reached XP level 11. HP: 52/70 MP: 11/14
  9308 | D:10     | Learned a level 5 spell: Blade Hands
  9443 | D:10     | Found Hopsom's General Store.
  9547 | D:10     | Reached skill level 13 in Unarmed Combat
 10024 | D:11     | Received a gift from Okawaru
 10209 | D:11     | Found Ylud's Food Shop.
 10560 | D:11     | Found a roughly hewn altar of Beogh.
 10560 | D:11     | Noticed an orc knight
 10652 | D:11     | Reached skill level 14 in Unarmed Combat
 11398 | D:11     | Killed an orc knight
 11584 | D:10     | Reached XP level 12. HP: 76/76 MP: 12/15
 11844 | D:11     | Got a faintly humming buckler {god gift}
 11850 | D:11     | Identified the +3 buckler "Qaru" {Int+3} (Okawaru gifted it to you on level 11 of the Dungeon)
 11916 | D:12     | You fall through a shaft for 3 floors!
 11916 | D:15     | Entered Level 15 of the Dungeon
 11921 | D:15     | Reached skill level 1 in Invocations
 11934 | D:15     | Reached skill level 15 in Unarmed Combat
 11945 | D:15     | Slain by a cyclops

Skill      XL: |  1  2  3  4  5  6  7  8  9 10 11 12 |
---------------+-------------------------------------+-----
Transmutations | 3 4 5 6 7 9 10 12 | 12.6
Unarmed Combat | 4 5 6 7 9 11 12 14 15 | 15.1
Poison Magic   | 1 2 3 |  3.0
Ice Magic      | 2 4 5 |  5.0
Dodging        | 5 8 9 |  9.4
Invocations    | 1 |  1.9
Fighting       | |  1.1
Spellcasting   | |  2.0

Action                   |  1- 3 |  4- 6 |  7- 9 | 10-12 || total
-------------------------+-------+-------+-------+-------++-------
Melee: Unarmed           |    88 |   190 |   241 |   576 ||  1095
       Headbutt          |    15 |     5 |       |       ||    20
       Punch             |     1 |     1 |       |     3 ||     5
Throw: Stone             |    40 |     2 |       |       ||    42
       Tomahawk          |       |     6 |       |       ||     6
 Cast: Beastly Appendage |    17 |     6 |       |       ||    23
       Spider Form       |     7 |    22 |    36 |    53 ||   118
       Ice Form          |       |       |     1 |     9 ||    10
       Blade Hands       |       |       |       |     4 ||     4
Invok: Heroism           |       |       |     3 |     3 ||     6
       Finesse           |       |       |       |     1 ||     1
 Abil: End Transformatio |       |     1 |     1 |     1 ||     3
  Use: Scroll            |       |     8 |    12 |     3 ||    23
       Potion            |       |       |     2 |     7 ||     9
 Stab: Sleeping          |     1 |       |     3 |     1 ||     5
       Distracted        |       |       |     1 |       ||     1
  Eat: Chunk             |     3 |     8 |    18 |    27 ||    56
       Ration            |       |       |       |     1 ||     1
Armor: Robe              |    20 |     5 |     1 |       ||    26
       Skin              |     2 |     9 |    10 |    34 ||    55
       Leather armour    |       |       |       |     5 ||     5
Dodge: Dodged            |    97 |   149 |   184 |   467 ||   897
Block: Buckler           |       |       |       |     1 ||     1
